 Dungeon Crawl Stone Soup version 0.18.1-50-g88ac8fd (webtiles) character file.

8536 GordonOverkill the Cleaver (level 11, 0/94 HPs)
             Began as a Formicid Fighter on Oct 10, 2016.
             Was a High Priest of Okawaru.
             Killed from afar by an orc sorcerer (20 damage)
             ... with a bolt of negative energy
             ... on level 2 of the Orcish Mines.
             The game lasted 00:34:58 (11502 turns).

GordonOverkill the Cleaver (Formicid Fighter)      Turns: 11502, Time: 00:34:58

Health: 0/94       AC: 16    Str: 24    XL:     11   Next: 57%
Magic:  11/11      EV:  6    Int:  8    God:    Okawaru [*****.]
Gold:   833        SH: 11    Dex: 10    Spells: 0 memorised, 10 levels left

rFire  . . .     SeeInvis +     t - +0 battleaxe
rCold  . . .     Gourm    .     v - +0 plate armour
rNeg   . . .     Faith    +     c - +0 shield
rPois  .         Spirit   .     (helmet unavailable)
rElec  .         Dismiss  .     B - +0 cloak {MR+}
rCorr  .         Reflect  .     h - +2 pair of gloves
SustAt .         Harm     .     x - +0 pair of boots
MR     ++...                    p - amulet of faith
Stlth  ..........               (no ring)
                                o - ring of flight

@: drained, very resistant to hostile enchantments, extremely unstealthy
A: permanent stasis, dig shafts and tunnels, four strong arms, antennae 3
a: Dig, Shaft Self, Heroism, Finesse, Renounce Religion, Evoke Flight


You were on level 2 of the Orcish Mines.
You worshipped Okawaru.
Okawaru was extremely pleased with you.
You were hungry.

You visited 3 branches of the dungeon, and saw 12 of its levels.
You also visited: Sewer.

You collected 973 gold pieces.
You spent 140 gold pieces at shops.

Inventory:

Hand Weapons
 a - a +0 war axe
 t - a +0 battleaxe (weapon)
 y - a +0 hand axe of flaming
Missiles
 j - 7 curare-tipped needles
Armour
 c - a +0 shield (worn)
 e - a +0 large shield
 h - a +2 pair of gloves (worn)
 v - a +0 plate armour (worn)
 x - a +0 pair of boots (worn)
 B - a +0 cloak of magic resistance (worn)
Jewellery
 o - a ring of flight (left hand)
 p - an amulet of faith (around neck)
Wands
 d - a wand of iceblast (9/15)
 m - a wand of digging (16/24)
 u - a wand of flame (48/48)
 C - a wand of lightning (7/15)
 D - a wand of iceblast (9/15)
Scrolls
 i - 2 scrolls of remove curse
 l - 3 scrolls of enchant weapon
 w - a scroll of recharging
 A - a scroll of identify
Potions
 k - 2 potions of curing
 q - 2 potions of cancellation
 s - a potion of cure mutation
 z - a potion of lignification
Books
 n - a book of Death

   Spells                             Type                      Level
   a - Corpse Rot                     Necromancy                   2
   b - Sublimation of Blood           Necromancy                   2
   c - Agony                          Necromancy                   5
   d - Dispel Undead                  Necromancy                   5
   e - Excruciating Wounds            Charms/Necromancy            5
   f - Bolt of Draining               Conjuration/Necromancy       5
Comestibles
 b - 11 chunks of flesh
 f - 7 bread rations
 g - 5 meat rations
 r - 5 beef jerkies
 E - 7 slices of pizza


   Skills:
 + Level 11.6(10.2) Fighting
 + Level 12.1(10.7) Axes
 - Level 3.2(2.2) Armour
 - Level 9.0(7.7) Shields


You had 10 spell levels left.
You didn't know any spells.

Dungeon Overview and Level Annotations

Branches:
Dungeon (9/15)             Temple (0/1) D:6            Lair (1/8) D:8
    Orc (2/2) D:9             Elf (0/3) Orc:2

Altars:
Ashenzari
Cheibriados
Dithmenos
Fedhas
Gozag
Makhleb
Okawaru
Pakellas
Qazlal
Trog
Vehumet
Yredelemnul

Shops:
D:4 !   D:5 [   D:8 ?   D:9 *   Orc:2 (


Innate Abilities, Weirdness & Mutations

You are under a permanent stasis effect.
You can dig through walls and to a lower floor.
Your four strong arms can wield two-handed weapons with a shield.
You have a pair of large antennae on your head (SInv).


Message History

The orc sorcerer points at you and mumbles some strange words.
You resist with almost no effort.
You barely miss the orc priest.
The orc priest calls down the wrath of Beogh upon you.
Pain shoots through your body!
Unknown command.
You hit the orc priest but do no damage.
You block the orc priest's attack.
Unknown command.
You slash the orc priest!
The orc priest is severely wounded.
You block the orc priest's attack.
The orc sorcerer gestures at you while chanting.
The bolt of negative energy hits you!
You feel drained.
* * * LOW HITPOINT WARNING * * *
Unknown command.
You are too injured to fight recklessly!
The orc sorcerer gestures at you while chanting.
The bolt of negative energy hits you!
You feel drained.
You die...

...<.........## *,,,**,
.........#....# *** *,,**,,
.............## **,** *,,*,,,
............## ### *,,,****,,*,,,
.............###.##*,,,**,,,,*,,,
.............##...##*,,,,,,,,*,,,
...................#**,,..*.o*,,*
.............##.#.## **#.##..,,,*
.......#.....<.#@o.# *#......,,,*
......###.......#)####...o.ooo,,*
#...###..#.###.##.###...{o...#,,*
##..##.......###.o.#.........#,,,
#.......#....##..##...#.....#,,,
*##.#..###...##...###..#.....#,{,
*,##...##.....#..............#,,{
,,.......#...............#...##{,
*,.....................####...##{


You could see an orc sorcerer and an orc priest.

Vanquished Creatures
  The ghost of BTG the Blocker, a novice HuFi of Trog (D:8)
  An orc knight (Orc:2)
  Pikel (D:7)
  An orc sorcerer (Orc:2)
  A gargoyle (D:9)
  The ghost of wojtek the Slicer, a novice KoBe of Trog (D:4)
  A two-headed ogre (D:6)
  2 trolls
  A human (D:7)
  Eustachio (D:4)
  A hog (D:7)
  A yak (D:7)
  3 wargs
  3 ice beasts
  A sky beast (D:9)
  6 orc warriors
  3 necrophages (D:6)
  2 black bears
  2 phantoms
  2 centaurs
  5 ogres
  A crocodile (D:9)
  An earth elemental (Orc:2)
  5 giant frogs
  A wyvern zombie (D:9)
  5 scorpions
  6 howler monkeys
  5 crimson imps
  A wasp zombie (D:9)
  A centaur skeleton (D:8)
  A giant frog zombie (D:6)
  3 hounds (D:8)
  Crazy Yiuf (D:2)
  8 orc priests
  2 jellies
  9 orc wizards
  A giant frog skeleton (D:6)
  3 iguanas
  5 worker ants
  2 sheep (D:7)
  A killer bee zombie (D:6)
  A hound zombie (D:5)
  A hound skeleton (D:6)
  A howler monkey skeleton (D:6)
  A river rat (D:3)
  6 adders
  3 shadow imps
  An ooze (D:5)
  6 worms
  3 adder zombies
  3 dart slugs
  14 giant geckos
  29 orcs
  2 ball pythons
  6 giant cockroaches
  8 goblins
  10 hobgoblins
  12 jackals
  6 quokkas
  6 bats
  A giant gecko skeleton (D:4)
  11 giant newts
  2 jackal zombies
  12 kobolds
  A quokka skeleton (D:6)
  10 rats
  A plant (D:6)
259 creatures vanquished.

Vanquished Creatures (others)
  A giant frog (D:7)
  A crimson imp (D:7)
  A jackal zombie (D:7)
  A plant (D:6)
4 creatures vanquished.

Grand Total: 263 creatures vanquished

Notes
Turn   | Place    | Note
--------------------------------------------------------------
     0 | D:1      | GordonOverkill the Formicid Fighter began the quest for the Orb.
     0 | D:1      | Reached XP level 1. HP: 18/18 MP: 1/1
   164 | D:1      | Reached XP level 2. HP: 20/24 MP: 2/2
   379 | D:1      | Reached XP level 3. HP: 28/29 MP: 3/3
   909 | D:2      | Reached XP level 4. HP: 35/35 MP: 4/4
   987 | D:2      | Reached skill level 3 in Axes
   996 | D:2      | Found a bloodstained altar of Trog.
   996 | D:2      | Noticed a moth of wrath
  1223 | D:2      | Reached skill level 5 in Shields
  1361 | D:2      | Found a faded altar to an unknown god.
  1839 | D:2      | Noticed Crazy Yiuf
  1847 | D:2      | Killed Crazy Yiuf
  1847 | D:2      | Reached XP level 5. HP: 41/41 MP: 5/5
  2353 | D:3      | Found a glowing drain.
  2357 | Sewer    | Entered a sewer
  2673 | Sewer    | Noticed a giant frog
  2682 | Sewer    | Killed a giant frog
  2682 | Sewer    | Reached skill level 4 in Axes
  2682 | Sewer    | Reached XP level 6. HP: 44/47 MP: 6/6
  3216 | D:3      | Found a burning altar of Makhleb.
  3216 | D:3      | Noticed a balrug
  3642 | D:4      | Found Pumontud's Distillery.
  3652 | D:4      | Bought a potion of heal wounds for 70 gold pieces
  3652 | D:4      | Bought a potion of heal wounds for 70 gold pieces
  3749 | D:4      | Noticed wojtek's ghost (novice KoBe)
  4173 | D:4      | Killed wojtek's ghost
  4173 | D:4      | Reached skill level 5 in Axes
  4173 | D:4      | Reached XP level 7. HP: 39/52 MP: 7/7
  4304 | D:4      | Got a slimy ring mail
  4315 | D:4      | Identified the +1 ring mail of the Will of the Gods {MR- Int+3 Dex+4} (You found it on level 4 of the Dungeon)
  4329 | D:4      | Found a radiant altar of Vehumet.
  4332 | D:4      | Noticed Eustachio
  4390 | D:4      | Killed Eustachio
  4641 | D:5      | Entered Level 5 of the Dungeon
  4641 | D:5      | Found an opulent altar of Gozag.
  4657 | D:4      | Reached skill level 6 in Axes
  4657 | D:4      | Reached XP level 8. HP: 58/58 MP: 8/8
  5210 | D:3      | Noticed a ynoxinul
  5210 | D:3      | Noticed a ynoxinul
  5545 | D:5      | Found an oddly glowing altar of Pakellas.
  5617 | D:5      | Reached skill level 7 in Axes
  5714 | D:5      | Found a shadowy altar of Dithmenos.
  5891 | D:5      | Found Xiowo's Armour Shoppe.
  5908 | D:5      | Found an iron altar of Okawaru.
  6011 | D:5      | Became a worshipper of Warmaster Okawaru
  6022 | D:5      | Reached XP level 9. HP: 66/66 MP: 9/9
  6238 | D:6      | Reached skill level 5 in Fighting
  6255 | D:6      | Found a staircase to the Ecumenical Temple.
  6293 | D:6      | Noticed a two-headed ogre
  6299 | D:6      | Killed a two-headed ogre
  6299 | D:6      | Reached skill level 8 in Axes
  6432 | D:6      | Reached * piety under Okawaru
  6723 | D:6      | Found a blossoming altar of Fedhas.
  7050 | D:6      | Reached ** piety under Okawaru
  7051 | D:6      | Reached skill level 9 in Axes
  7191 | D:7      | Found a stormy altar of Qazlal.
  7451 | D:7      | Reached XP level 10. HP: 62/80 MP: 10/10
  7562 | D:7      | Noticed Pikel
  7594 | D:7      | Killed Pikel
  7863 | D:7      | Reached skill level 10 in Axes
  7869 | D:7      | Reached *** piety under Okawaru
  8200 | D:8      | Found Nasoh's Magic Scroll Shop.
  8223 | D:8      | Found a staircase to the Lair.
  8533 | D:8      | Reached **** piety under Okawaru
  8604 | D:8      | Noticed BTG's ghost (novice HuFi)
  8635 | D:8      | Killed BTG's ghost
  8936 | D:8      | Found a shattered altar of Ashenzari.
  8955 | D:8      | Reached skill level 10 in Fighting
  9130 | D:8      | Reached skill level 11 in Axes
  9264 | D:8      | Found a snail-covered altar of Cheibriados.
  9269 | D:8      | Reached XP level 11. HP: 91/91 MP: 11/11
  9346 | Lair:1   | Entered Level 1 of the Lair of Beasts
  9346 | Lair:1   | Noticed an eight-headed hydra
  9547 | D:9      | Found a staircase to the Orcish Mines.
  9670 | D:9      | Found a basalt altar of Yredelemnul.
  9974 | D:9      | Found Yppy's Elemental Accessories.
 10242 | Orc:1    | Entered Level 1 of the Orcish Mines
 10352 | Orc:1    | You fall through a shaft!
 10352 | Orc:2    | Entered Level 2 of the Orcish Mines
 10352 | Orc:2    | Noticed an orc knight
 10387 | Orc:2    | Killed an orc knight
 11303 | Orc:2    | Found Juinnoef's Weapon Boutique.
 11311 | Orc:2    | Noticed an orc sorcerer
 11321 | Orc:2    | Killed an orc sorcerer
 11321 | Orc:2    | Reached ***** piety under Okawaru
 11321 | Orc:2    | Reached skill level 12 in Axes
 11497 | Orc:2    | Noticed an orc sorcerer
 11502 | Orc:2    | Killed from afar by an orc sorcerer

Skill      XL: |  1  2  3  4  5  6  7  8  9 10 11 |
---------------+----------------------------------+-----
Shields        | 4 5 6 7 8 9 |  9.0
Axes           | 3 4 5 6 7 9 11 12 | 12.1
Fighting       | 4 7 10 11 | 11.6
Armour         | |  3.2

Action                   |  1- 3 |  4- 6 |  7- 9 | 10-12 || total
-------------------------+-------+-------+-------+-------++-------
Melee: War axe           |   116 |   403 |   428 |   390 ||  1337
       Battleaxe         |       |       |       |   109 ||   109
Invok: Heroism           |       |       |       |    11 ||    11
 Abil: Dig               |       |     3 |     4 |     5 ||    12
       Evoke Flight      |       |     1 |       |       ||     1
  Use: Potion            |       |     2 |       |     6 ||     8
       Scroll            |       |     6 |     8 |     5 ||    19
  Eat: Chunk             |       |    12 |    12 |    15 ||    39
Armor: Scale mail        |    46 |   104 |       |       ||   150
       Plate armour      |       |    68 |   179 |   139 ||   386
Dodge: Dodged            |    37 |   117 |    91 |    76 ||   321
Block: Shield            |    57 |   213 |   203 |   220 ||   693
